 Dungeon Crawl Stone Soup version 0.30-a0-137-gd8773701ce (webtiles) character file.

Game seed: 744721261361588790

7 LnG the Caller (level 2, -4/15 HPs)
             Began as a Kobold Summoner on Sept 22, 2022.
             Slain by a hobgoblin (5 damage)
             ... on level 1 of the Dungeon.
             The game lasted 00:02:49 (349 turns).

LnG the Caller (Kobold Summoner)                     Turns: 349, Time: 00:02:49

Health: -4/15      AC:  2    Str:  5    XL:     2   Next: 10%
Magic:  2/5        EV: 15    Int: 16    God:
Gold:   40         SH:  0    Dex: 15    Spells: 4/5 levels left

rFire   + . .      SeeInvis .    (weapon restricted)
rCold   + . .      Faith    .    (no shield)
rNeg    . . .      Spirit   .    a - +0 robe
rPois   +          Reflect  .    (no helmet)
rElec   +          Harm     .    (no cloak)
rCorr   +          Rampage  .    (no gloves)
Will    .....                    (no boots)
Stlth   +++.......               (no amulet)
HPRegen 0.05/turn                (no ring)
MPRegen 0.09/turn                (no ring)

@: resistant, studying Unarmed Combat
A: small, no large weapons, nightstalker 3
a: no special abilities


You were on level 1 of the Dungeon.
You visited 1 branch of the dungeon, and saw 1 of its levels.

You collected 40 gold pieces.

Inventory:

Armour
 a - a +0 robe (worn)
Scrolls
 d - a scroll of identify {unknown}
 e - a scroll of fear {unknown}
 f - a scroll of summoning {unknown}
 g - 2 scrolls of magic mapping {unknown}
Potions
 b - a potion of magic
 h - a potion of resistance


   Skills:
 + Level 2.4 Dodging
 + Level 2.8 Stealth
 + Level 2.4 Spellcasting
 + Level 4.2 Summonings


You had 4 spell levels left.
You knew the following spells:

 Your Spells              Type           Power      Damage    Failure   Level
a - Summon Small Mammal   Summ           60%        N/A       3%          1

Your spell library contained the following spells:

 Spells                   Type           Power      Damage    Failure   Level
 Call Imp                 Summ           15%        N/A       5%          2
 Call Canine Familiar     Summ           15%        N/A       11%         3
 Summon Guardian Golem    Hex/Summ       8%         N/A       26%         3
 Summon Lightning Spire   Summ/Air       8%         N/A       63%         4


Dungeon Overview and Level Annotations

Branches:
Dungeon (1/15)

Altars:


Innate Abilities, Weirdness & Mutations

You are small and have problems with some larger weapons.
You are completely attuned to the shadows.


Message History

The hobgoblin barely misses you.
Your rat bites the giant cockroach.
You have reached level 2!
You closely miss the hobgoblin.
Your bat closely misses the giant cockroach.
Your bat hits the giant cockroach but does no damage.
The hobgoblin hits you.
* * * LOW HITPOINT WARNING * * *
Your rat barely misses the giant cockroach.
It was a potion of resistance.
You feel protected.
Your bat hits the giant cockroach but does no damage.
The hobgoblin barely misses you.
Your rat closely misses the giant cockroach.
It was a potion of curing.
You feel better. The hobgoblin hits you.
* * * LOW HITPOINT WARNING * * *
Your bat closely misses the giant cockroach.
Your rat bites the giant cockroach.
You hit the hobgoblin.
The hobgoblin is moderately wounded.
Your bat closely misses the giant cockroach. x2
The hobgoblin closely misses you.
Your rat bites the giant cockroach.
The giant cockroach dies!
You hit the hobgoblin but do no damage.
The hobgoblin is moderately wounded.
The hobgoblin hits you but does no damage.
Your bat hits the hobgoblin. You hit the hobgoblin but do no damage.
The hobgoblin is heavily wounded.
Your bat hits the hobgoblin but does no damage.
The hobgoblin barely misses you.
You hit the hobgoblin but do no damage. You punch the hobgoblin.
The hobgoblin is severely wounded.
Your bat closely misses the hobgoblin.
Your bat hits the hobgoblin but does no damage.
The hobgoblin hits you.
* * * LOW HITPOINT WARNING * * *
You barely miss the hobgoblin.
The hobgoblin is severely wounded.
Your bat hits the hobgoblin. The hobgoblin hits you.
You die...

#.....# #...........r....'.......
#.....##..##.....####....####...#
#.....##>..................##...#
#.....######.############........
#............# #........
#.........#### #........
##........# #####..##
#........############## ##...
#......)..##...@gbr?... #...
#.........##.#..##).b.. #...
#.........##.#..##..... #...
#.........##.#..##.B... ## #...
#.).............##....? ....#...
###########.##.## ..(.#... #.# .#
........ #.# . ........ #.#
......PP


You could see a hobgoblin (ally target), a friendly bat (summoned) and a
friendly rat (summoned).

Vanquished Creatures (collateral kills)
  An endoplasm (D:1)
  2 giant cockroaches (D:1)
  A goblin (D:1)
  A bat (D:1)
  A frilled lizard (D:1)
  A kobold (D:1)
7 creatures vanquished.

Notes
Turn   | Place    | Note
-------+----------+-------------------------------------------
     0 | D:1      | LnG the Kobold Summoner began the quest for the Orb.
     0 | D:1      | Reached XP level 1. HP: 10/10 MP: 3/3
   342 | D:1      | Reached XP level 2. HP: 3/15 MP: 1/5
   349 | D:1      | Slain by a hobgoblin

Illustrated notes

Levels and vault maps discovered:
D:1:      evilmike_arrival_home_sweet_home, layout_basic,
          hellmonk_ecumenical_altar_heavens_door

Action                   || total
-------------------------++-------
Melee: Unarmed           ||    19
       Punch             ||     1
 Cast: Summon Small Mamm ||    11
  Use: Potion            ||     2
 Stab: Sleeping          ||     1
Armor: Robe              ||     3
Dodge: Dodged            ||    19

Table legend: (Time is in decaauts)
 A = Elapsed time spent in this place.
 B = Non-inter-level travel time spent in this place.
 C = Inter-level travel time spent in this place.
 D = Time resting spent in this place.
 E = Time spent auto-exploring this place.
 F = Levels seen in this place.
 G = Mean time per level.
                   A        B        C        D        E       F      G
               +--------+--------+--------+--------+--------+-----+--------+
         Total |    347 |    337 |     10 |      0 |    157 |   1 |  347.0 |
       Dungeon |    347 |    337 |     10 |      0 |    157 |   1 |  347.0 |
               +--------+--------+--------+--------+--------+-----+--------+

Top non-repeatable levels by time:
     D:1: 347 daAuts
